 Dungeon Crawl Stone Soup version 0.30.1-4-g462c640d31 (webtiles) character file.

Game seed: 7193927750626821099

1554 Almogavar the Stinger (level 8, 0/54 HPs)
             Began as a Demonspawn Venom Mage on Sept 6, 2023.
             Slain by Maggie
             ... wielding a +1 heavy broad axe
              (20 damage)
             ... on level 6 of the Dungeon.
             The game lasted 00:28:12 (6061 turns).

Almogavar the Stinger (Demonspawn Venom Mage)       Turns: 6061, Time: 00:28:13

Health: 0/54       AC:  9    Str:  9    XL:     8   Next: 57%
Magic:  19/26      EV: 12    Int: 23    God:
Gold:   289        SH:  0    Dex: 18    Spells: 13/19 levels left

rFire   . . .        c - +1 dagger
rCold   . . .        (no shield)
rNeg    . . .        y - +0 leather armour of Card Tricks {Regen+}
rPois   .            (no helmet)
rElec   .            (no cloak)
rCorr   .            s - +2 pair of gloves of Okuf {*Slow +Inv Int+5 Dex+4}
SInv    .            x - +0 pair of boots
Will    +....        r - amulet of the acrobat
Stlth   ++           a - ring of magical power
HPRegen 1.09/turn    G - ring of willpower
MPRegen 0.20/turn

%: slow self (1%), acrobat
@: mesmerised
A: hooves 2, icy blue scales 1, ignite blood 2
a: Evoke Invisibility


You were on level 6 of the Dungeon.
You visited 1 branch of the dungeon, and saw 6 of its levels.

You collected 289 gold pieces.

Inventory:

Hand Weapons
 c - a +1 dagger (weapon)
 o - the +7 mace of Uncomfortable Rashes {protect, rF++}
   (You found it on level 2 of the Dungeon)

   rF:        It greatly protects you from fire.
 w - the +1 sling of Animal Spirits {elec, rC++}
   (You took it off a kobold on level 3 of the Dungeon)

   rC:        It greatly protects you from cold.
Armour
 g - a +2 buckler
 s - the +2 pair of gloves of Okuf (worn) {*Slow +Inv Int+5 Dex+4}
   (You found it on level 3 of the Dungeon)

   Int:       It affects your intelligence (+5).
   Dex:       It affects your dexterity (+4).
   +Inv:      It lets you turn invisible.
   *Slow:     It may slow you when you take damage.
 x - a +0 pair of boots (worn)
 y - the +0 leather armour of Card Tricks (worn) {Regen+}
   (You found it on level 4 of the Dungeon)

   Regen:     It increases your rate of health regeneration.
Magical Staves
 e - a staff of air
 E - a staff of poison
Jewellery
 a - a ring of magical power (left hand)
 r - an amulet of the acrobat (around neck)
 u - an amulet of guardian spirit
 F - a +4 ring of protection
 G - a ring of willpower (right hand)
Wands
 B - a wand of quicksilver (10)
Scrolls
 f - a scroll of poison {unknown}
 h - 3 scrolls of teleportation
 n - 3 scrolls of fog {unknown}
 p - a scroll of enchant weapon
 q - 2 scrolls of enchant armour {unknown}
 A - a scroll of blinking {unknown}
 D - 3 scrolls of magic mapping {unknown}
Potions
 b - 2 potions of magic
 d - 2 potions of resistance
 i - 4 potions of attraction {unknown}
 j - 3 potions of curing
 k - 2 potions of mutation {unknown}
 l - 2 potions of heal wounds {unknown}
 m - 3 potions of brilliance {unknown}
 t - a potion of berserk rage {unknown}
 v - 2 potions of lignification {unknown}
 z - 3 potions of might {unknown}
 C - a potion of ambrosia {unknown}


   Skills:
 + Level 1.5 Fighting
 - Level 0.1 Short Blades
 + Level 0.7 Armour
 + Level 2.7 Dodging
 + Level 2.7 Stealth
 + Level 6.0 Spellcasting
 + Level 4.5 Transmutations
 + Level 1.6 Air Magic
 + Level 6.3 Poison Magic


You had 13 spell levels left.
You knew the following spells:

 Your Spells              Type           Power      Damage    Failure   Level
a - Sting                 Tmut/Pois      100%       1d8       1%          1
b - Poisonous Vapours     Pois/Air       50%        N/A       3%          2
c - Mephitic Cloud        Conj/Pois/Air  19%        N/A       12%         3

Your spell library contained the following spells:

 Spells                   Type           Power      Damage    Failure   Level
 Passwall                 Tmut/Erth      14%        N/A       7%          2
 Olgreb's Toxic Radiance  Pois           36%        N/A       9%          4
 Sandblast                Erth           12%        2d6       12%         1
 Summon Small Mammal      Summ           24%        N/A       12%         1
 Vhi's Electric Charge    Tloc/Air       20%        N/A       24%         3
 Call Canine Familiar     Summ           6%         N/A       34%         3
 Portal Projectile        Hex/Tloc       12%        N/A       34%         3
 Stone Arrow              Conj/Erth      14%        3d7       34%         3
 Summon Guardian Golem    Hex/Summ       6%         N/A       34%         3
 Leda's Liquefaction      Hex/Erth       3%         N/A       75%         4
 Arcjolt                  Conj/Air       5%         1d15      92%         5
 Plasma Beam              Fire/Air       5%         2x1d17    100%        6


Dungeon Overview and Level Annotations

Branches:
Dungeon (6/15)
 Temple: D:4-7

Altars:
Fedhas
Okawaru
Qazlal
Uskayaw

Annotations:
D:6 Maggie


Innate Abilities, Weirdness & Mutations

You have hoof-like feet.
You are partially covered in icy blue scales. (AC +2)
Your demonic aura often causes spilled blood to erupt in flames.


Message History

Unknown command.
Casting: Sting (safe; 1% risk of failure)
Confirm with . or Enter, or press ? or * to list all spells.
Aiming: Sting (safe; 1% risk of failure)
Press: ? - help, Shift-Dir - straight line, f/p - Maggie
Aim: Maggie, wielding a +1 heavy broad axe, wearing +0 swamp dragon scales and carrying a wand of charming (5) (moderately wounded, mesmerising, extremely poisoned, 81% to hit)
The sting misses Maggie.
Maggie hits you with a +1 heavy broad axe!!
* * * LOW HITPOINT WARNING * * *
It was a potion of curing.
You feel better.
Maggie says, "Fear not.
I will immortalize you in the tale of my first kill."
Maggie closely misses you.
You feel better.
Casting: Sting (safe; 1% risk of failure)
Confirm with . or Enter, or press ? or * to list all spells.
Aiming: Sting (safe; 1% risk of failure)
Press: ? - help, Shift-Dir - straight line, f/p - Maggie
Aim: Maggie, wielding a +1 heavy broad axe, wearing +0 swamp dragon scales and carrying a wand of charming (5) (moderately wounded, mesmerising, very poisoned, 81% to hit)
The sting hits Maggie.
Maggie partially resists.
Maggie looks as sick as possible!
Maggie is heavily wounded.
Maggie hits you but does no damage.
Casting: Sting (safe; 1% risk of failure)
Confirm with . or Enter, or press ? or * to list all spells.
Aiming: Sting (safe; 1% risk of failure)
Press: ? - help, Shift-Dir - straight line, f/p - Maggie
Aim: Maggie, wielding a +1 heavy broad axe, wearing +0 swamp dragon scales and carrying a wand of charming (5) (heavily wounded, mesmerising, extremely poisoned, 81% to hit)
The sting hits Maggie.
Maggie looks as sick as possible!
Maggie is heavily wounded.
Maggie barely misses you.
You are too injured to fight recklessly!
You are too injured to fight recklessly!
You are too injured to fight recklessly!
You hit Maggie.
Maggie is heavily wounded.
Unknown command.
You hit Maggie.
Maggie is heavily wounded.
Maggie hits you with a +1 heavy broad axe!!
You die...

....... #.# ###.... #.# #.#
#.# #.... #.# #.# #.# #....
#.. ... ..# #.... ..# #.# #.#
#.... #.# #.# #.# #.... #.#
#.# #.# ##### ...####@###.#
#.# ......@.....###.###
#############...........######
#..........###................
#..........# #.........#######
#..........# #.........#
#..........# #.........#
#..........# #####.......
#..........# #.......#


You could see Maggie (mesmerising, extremely poisoned).

Vanquished Creatures
  3 black bears
  2 ice beasts (D:6)
  2 ogres
  A centaur (D:5)
  A phantom (D:5)
  A bullfrog (D:4)
  2 scorpions (D:5)
  8 hounds
  3 iguanas
  An orc priest (D:4)
  A gnoll bouda (D:6)
  A sleepcap (D:6)
  4 gnolls (D:6)
  6 adders
  An ufetubus (D:6)
  4 worms
  A dart slug (D:2)
  5 orcs
  7 bats
  3 endoplasms
  6 giant cockroaches
  6 goblins
  10 hobgoblins
  3 jackals (D:1)
  6 kobolds
  4 quokkas
  12 ball pythons
  5 frilled lizards
  4 rats
113 creatures vanquished.

Notes
Turn   | Place    | Note
-------+----------+-------------------------------------------
     0 | D:1      | Almogavar the Demonspawn Venom Mage began the quest for the
                  | Orb.
     0 | D:1      | Reached XP level 1. HP: 13/13 MP: 3/3
   235 | D:1      | Gained mutation: You have large cloven feet. [demonic
                  | ancestry]
   235 | D:1      | Reached XP level 2. HP: 6/19 MP: 1/5
   237 | D:1      | Reached skill level 1 in Transmutations
   292 | D:1      | Learned a level 2 spell: Poisonous Vapours
   952 | D:2      | Gained mutation: You have hoof-like feet. [demonic
                  | ancestry]
   952 | D:2      | Reached XP level 3. HP: 24/24 MP: 3/6
  1114 | D:2      | Gained mutation: Your demonic aura sometimes causes spilled
                  | blood to erupt in flames. [demonic ancestry]
  1114 | D:2      | Reached XP level 4. HP: 9/30 MP: 4/8
  1199 | D:2      | Found an iron altar of Okawaru.
  1431 | D:2      | Identified the +7 mace of Uncomfortable Rashes {protect,
                  | rF++}
  2117 | D:3      | Identified the +2 pair of gloves of Okuf {*Slow +Inv Int+5
                  | Dex+4}
  2153 | D:3      | Learned a level 3 spell: Mephitic Cloud
  2184 | D:3      | Found a faded altar of an unknown god.
  2235 | D:3      | Found a stormy altar of Qazlal.
  2388 | D:3      | Identified the +1 sling of Animal Spirits {elec, rC++}
  2779 | D:4      | Noticed a black bear
  2779 | D:4      | Noticed a bullfrog
  2850 | D:4      | Found a large runed translucent door.
  2855 | D:4      | Found a large runed translucent door.
  2884 | D:4      | Identified the +0 leather armour of Card Tricks {Regen+}
  2958 | D:3      | Reached XP level 5. HP: 35/35 MP: 2/9
  3333 | D:4      | Noticed a black bear
  3355 | D:4      | Killed a black bear
  3356 | D:4      | Reached XP level 6. HP: 41/42 MP: 1/12
  3736 | D:4      | Reached skill level 1 in Air Magic
  3976 | D:4      | Found a blossoming altar of Fedhas.
  3984 | D:4      | Found a hide-covered altar of Uskayaw.
  4050 | D:5      | Entered Level 5 of the Dungeon
  4079 | D:5      | Reached skill level 5 in Poison Magic
  4079 | D:5      | Gained mutation: You are partially covered in icy blue
                  | scales. (AC +2) [demonic ancestry]
  4079 | D:5      | Reached XP level 7. HP: 47/47 MP: 8/13
  4298 | D:5      | Reached skill level 5 in Spellcasting
  4918 | D:5      | Gained mutation: Your demonic aura often causes spilled
                  | blood to erupt in flames. [demonic ancestry]
  4918 | D:5      | Reached XP level 8. HP: 44/53 MP: 6/16
  5417 | D:6      | Reached skill level 1 in Fighting
  6043 | D:6      | Noticed Maggie
  6055 | D:6      | HP: 1/54 [Maggie/+1 heavy broad axe (21)]
  6061 | D:6      | Slain by Maggie

Illustrated notes

Levels and vault maps discovered:
D:1:      nzn_arrival_settlement, layout_rooms, minmay_3d_cube
D:2:      layout_basic, basic_altar, amcnicky_mini_rare_corridor_liquid,
          roderic_roman_lattice
D:3:      layout_rooms, nicolae_overflow_ecumenical_swirl,
          nicolae_qazlal_scattered_showers
D:4:      layout_rooms, jmf_multi_god_temple2
D:5:      layout_loops_ring
D:6:      layout_basic, grunt_decor_fettered, uniq_maggie

Skill      XL: |  1  2  3  4  5  6  7  8 |
---------------+-------------------------+-----
Transmutations | 1 2 4 |  4.5
Stealth        | 2 |  2.7
Spellcasting   | 3 4 5 6 |  6.0
Dodging        | 2 |  2.7
Poison Magic   | 4 5 6 |  6.3
Air Magic      | 1 |  1.6
Fighting       | 1 |  1.5
Short Blades   | |  0.1
Armour         | |  0.7

Action                     |  1- 3 |  4- 6 |  7- 9 || total
---------------------------+-------+-------+-------++-------
  Melee: Dagger            |    29 |    55 |    52 ||   136
         Kick              |     2 |     9 |       ||    11
         Staff             |       |       |     3 ||     3
         Punch             |       |       |     1 ||     1
   Cast: Sting             |    48 |    83 |    95 ||   226
         Poisonous Vapours |       |    20 |    14 ||    34
         Mephitic Cloud    |       |     1 |       ||     1
    Use: Scroll            |       |     4 |     1 ||     5
         Potion            |       |       |     2 ||     2
   Stab: Sleeping          |     2 |     4 |     4 ||    10
 Armour: Robe              |    13 |    23 |    12 ||    48
         Leather armour    |       |       |    27 ||    27
  Dodge: Dodged            |    40 |    66 |   108 ||   214
